Unix NetHack Version 5.0.0-0 post-release - last build May  4 2026 22:22:43 (774f63e81ad911689b3a0859ea89b322d5daca8d,branch:main).

Game began 2026-05-06 08:49:11, ended 2026-05-06 09:23:49.

2522468106252, lawful male human Samurai

             #####
             +...#
             #...#                                    ----------------
          ####...#        ---------             ###!)!-..............|
          #.....(#        |.......|##           #     |.d............|
          #..^...#    ####.......<-(#############     +@...!.........|
          #..).).#    #   |.......|#                  |..............|
          #...####    #   ---------                   ----------------
          #.!.#       #
          #...-########
          #####

2522468106252 the Ronin  St:18/02 Dx:12 Co:18 In:8 Wi:9 Ch:7  Lawful
Dlvl:2  $:21 HP:32(32) Pw:10(10) AC:10 Xp:3 T:1788  Fainting

Latest messages:
 It's a wall.
 It's a wall.
 It's a wall.
 It's a wall.
 It's a wall.
 It's a wall.
 It's a wall.
 It's a wall.
 It's a wall.
 It's a wall.
 It's a wall.
 It's a wall.
 It's a wall.
 It's a wall.
 It's a wall.
 It's a wall.
 It's a wall.
 It's a wall.
 It's a wall.
 It's a wall.
 You faint from lack of food.
 You regain consciousness.
 You can hear again.
 You swap places with Hachi.
 You faint from lack of food.
 You regain consciousness.
 You faint from lack of food.
 You regain consciousness.
 You faint from lack of food.
 Hachi misses the newt.
 Hachi misses the newt.
 Hachi bites the newt.
 The newt is killed!
 You regain consciousness.
 You see here a +0 wakizashi.
 You don't have anything to eat.
 You faint from lack of food.
 Hachi picks up a magenta potion.
 Hachi drops a magenta potion.
 You regain consciousness.
 Hachi picks up a +0 wakizashi.
 This door is locked.
 This door is locked.
 This door is locked.
 This door is locked.
 This door is locked.
 This door is locked.
 Really quit without saving? [yn] (n) y
 Do you want your possessions identified? [ynq] (y) y
 Do you want to see your attributes? [ynq] (y) q

Inventory:
 Coins    ('$')
  $ - 21 gold pieces

2522468106252 the Samurai's attributes:

Background:
 You were a Ronin, a level 3 male human Samurai.
 You were lawful, nominally on a mission for Amaterasu Omikami
 who was opposed by Raijin (neutral) and Susanowo (chaotic).
 You were right-handed.
 You were in the Dungeons of Doom, on level 2.
 You entered the dungeon 1788 turns ago.
 You had 51 experience points, 29 more were needed to attain level 4.

Basics:
 You had all 32 hit points.
 You had all 10 energy points (spell power).
 Your armor class was 10.
 Your wallet contained 21 zorkmids.
 Autopickup was off.

Final Characteristics:
 Your strength was 18/02 (base:18/03, limit:18/100).
 Your dexterity was 12 (limit:18).
 Your constitution was 18 (limit:18).
 Your intelligence was 8 (limit:18).
 Your wisdom was 9 (limit:18).
 Your charisma was 7 (limit:18).

Final Status:
 You were fainting due to starvation.
 You were unencumbered.
 You were bare handed.
 You had basic skill with martial arts.
 You weren't wearing any armor.

Final Attributes:
 You were fervently aligned.
 You were fast.
 You survived.

Miscellaneous:
 You didn't encounter any bones levels.
 Total elapsed playing time was 34 minutes and 34 seconds.

Major events:
 Turn
    1: 2522468106252 the lawful male human Samurai entered the dungeon
  487: attained the rank of Ronin (level 3)
 1788: quit

You didn't know any spells.

Skills:
 Fighting Skills
   martial arts      [Basic]
   two weapon combat [Unskilled]
   riding            [Unskilled]
 Weapon Skills
   dagger            [Unskilled]
   knife             [Unskilled]
   short sword       [Basic]
   broadsword        [Unskilled]
   long sword        [Basic]
   two-handed sword  [Unskilled]
   saber             [Unskilled]
   flail             [Unskilled]
   quarterstaff      [Unskilled]
   polearms          [Unskilled]
   spear             [Unskilled]
   lance             [Unskilled]
   bow               [Basic]
   shuriken          [Unskilled]
 Spellcasting Skills
   attack spells     [Unskilled]
   divination spells [Unskilled]
   clerical spells   [Unskilled]

Voluntary challenges:
 Character rerolling was not enabled.
 You followed a strict vegan diet.
 You were an atheist.
 You were illiterate.
 You never genocided any monsters.
 You never polymorphed an object.
 You never changed form.
 You used no wishes.
Achievement:
 You attained the rank of Ronin.

 The Dungeons of Doom: levels 1 to 2
    Level 1:
       A fountain.
    Level 2: <- You were here.
       Many trees.
 The Tutorial:
    Level 1:


Vanquished creatures:
  6 wood nymphs
  a yellow mold
  a gecko
  a jackal
  a fox
  2 kobolds
  2 sewer rats
  4 grid bugs
  a bat
  a lichen
  a kobold zombie
  3 newts
24 creatures vanquished.

No species were genocided or became extinct.

Sayonara 2522468106252 the Samurai...

You quit in The Dungeons of Doom on dungeon level 2 with 275 points,
and 21 pieces of gold, after 1788 moves.
You were level 3 with a maximum of 32 hit points when you quit.

